 Dungeon Crawl Stone Soup version 0.24-a0-530-g18ba70b5 (webtiles) character file.

Game seed: 11097021852437912106

758 DrEnzyme the Skirmisher (level 7, -4/63 HPs)
             Began as a Demigod Wanderer on Aug 6, 2019.
             Slain by a sky beast (6 damage)
             ... on level 4 of the Dungeon.
             The game lasted 00:18:24 (4734 turns).

DrEnzyme the Skirmisher (Demigod Wanderer)          Turns: 4734, Time: 00:18:25

Health: -4/63      AC:  7    Str: 19    XL:     7   Next: 25%
Magic:  9/9        EV: 10    Int: 17    God:
Gold:   169        SH:  9    Dex: 17    Spells: 6/6 levels left

rFire    . . .     SeeInvis .   a - +0 hand axe (freeze)
rCold    . . .     Gourm    .   e - +0 shield
rNeg     . . .     Faith    .   k - +0 leather armour
rPois    .         Spirit   .   (no helmet)
rElec    .         Reflect  .   (no cloak)
rCorr    .         Harm     .   (no gloves)
MR       .....                  (no boots)
Stlth    ++........             (no amulet)
HPRegen  0.20/turn              o - +4 ring of protection
MPRegen  0.11/turn              v - +3 ring of dexterity

@: no status effects
A: high mp 1
a: no special abilities


You were on level 4 of the Dungeon.
You were hungry.

You visited 1 branch of the dungeon, and saw 4 of its levels.

You collected 169 gold pieces.

Inventory:

Hand Weapons
 a - a +0 hand axe of freezing (weapon)
 b - a +1 hunting sling of freezing
 h - a +0 dagger
 p - a +0 dagger of draining
 q - a +0 club
Missiles
 y - 17 sling bullets
Armour
 d - a +0 robe
 e - a +0 shield (worn)
 k - a +0 leather armour (worn)
 n - a +0 ring mail
 x - a +0 buckler
Jewellery
 m - an uncursed ring of protection from fire
 o - a +4 ring of protection (left hand)
 s - an uncursed ring of ice
 v - a +3 ring of dexterity (right hand)
Scrolls
 g - 3 scrolls of teleportation
 i - a scroll of identify
 j - a scroll of immolation
 r - 2 scrolls of remove curse {unknown}
 u - a scroll of fog {unknown}
Potions
 c - a potion of lignification
 w - a potion of flight {unknown}
 z - a potion of agility {unknown}
Comestibles
 f - 8 rations


   Skills:
 + Level 6.1 Fighting
 - Level 1.1 Short Blades
 * Level 4.6 Axes
 + Level 1.0 Slings
 + Level 2.1 Armour
 + Level 2.6 Dodging
 + Level 1.4 Stealth
 + Level 3.1 Shields
 + Level 1.0 Unarmed Combat


You had 6 spell levels left.
You didn't know any spells.
Your spell library contained the following spells:

 Spells                   Type           Power        Failure   Level  Hunger
 Animate Skeleton         Necr           N/A          78%         1    ##.....
 Apportation              Tloc           #.....       78%         1    ##.....
 Confusing Touch          Hex            #.....       78%         1    ##.....
 Summon Small Mammal      Summ           #...         78%         1    ##.....


Dungeon Overview and Level Annotations

Branches:
Dungeon (4/15)
 Temple: D:4-7

Annotations:
D:1 exclusion: downstairs
D:3 3 runed translucent doors, exclusion: 3 doors, bakahatsu's ghost, amateur DrFE
D:4 Eustachio; Grinder


Innate Abilities, Weirdness & Mutations

You have an increased reservoir of magic. (+10% MP)


Message History

You closely miss Eustachio.
Eustachio is almost dead.
You hit something. You freeze something. You closely miss the bat.
The bat hits you but does no damage. Something hits you.
* * * LOW HITPOINT WARNING * * *
Something shocks you.
* * * LOW HITPOINT WARNING * * *
Eustachio hits you but does no damage.
You barely miss Eustachio.
Eustachio is almost dead.
You completely miss the bat. You hit something. You freeze something.
The bat hits you but does no damage. x2; Something hits you but does no damage.
Eustachio closely misses you.
Your shield prevents you from hitting Eustachio.
Eustachio is almost dead.
You hit something. You freeze something. The bat barely misses you.
Something hits you.
* * * LOW HITPOINT WARNING * * *
Something shocks you.
You die...

###.#_).....#...##...#
....#.!......>........
......................
......................
.>...8.8.8............
......r.............{.
####bb.####.........
#..@{#.........##.%.
#..@.#5####... ###.
#....#.#...... #..
#b.....).>.... .....
#.....##...... #####
#.....# ...... #.....#
^.... #.....# .....
#.....# .... ..##..#.#
#.#.


You could see Eustachio, a river rat and 3 bats.

Vanquished Creatures
  Sigmund (D:3)
  Menkaure (D:4)
  2 ogres (D:4)
  A centaur skeleton (D:4)
  2 hounds (D:4)
  An iguana (D:3)
  Natasha (twice) (D:2)
  A worker ant (D:4)
  3 adders
  A shadow imp (D:4)
  An adder skeleton (D:4)
  A worm (D:2)
  3 dart slugs
  5 leopard geckos
  5 orcs (D:2)
  A ball python (D:3)
  4 giant cockroaches
  12 goblins
  5 hobgoblins
  8 jackals
  5 kobolds
  11 bats
  5 frilled lizards
  10 rats
91 creatures vanquished.

Notes
Turn   | Place    | Note
-------+----------+-------------------------------------------
     0 | D:1      | DrEnzyme the Demigod Wanderer began the quest for the Orb.
     0 | D:1      | DrEnzyme set off with the following items: a +0 club, a
                  | potion of curing, a potion of lignification, a +0 robe, a
                  | +0 shield, a ration
     0 | D:1      | Reached XP level 1. HP: 23/23 MP: 3/3
   571 | D:1      | Reached XP level 2. HP: 30/30 MP: 4/4
  1380 | D:1      | Reached XP level 3. HP: 34/37 MP: 5/5
  2190 | D:2      | Reached skill level 1 in Short Blades
  2711 | D:2      | Noticed Natasha
  2724 | D:2      | Killed Natasha
  2724 | D:2      | Reached skill level 1 in Armour
  2724 | D:2      | Reached XP level 4. HP: 26/44 MP: 6/6
  3243 | D:3      | Noticed bakahatsu's ghost (amateur DrFE)
  3251 | D:3      | Reached skill level 1 in Axes
  3289 | D:2      | Noticed Natasha
  3298 | D:2      | Killed Natasha
  3494 | D:3      | Found a basalt altar of Yredelemnul.
  3567 | D:3      | Noticed Sigmund
  3580 | D:3      | Killed Sigmund
  3580 | D:3      | Reached skill level 6 in Fighting
  3580 | D:3      | Reached XP level 5. HP: 50/50 MP: 7/7
  3720 | D:3      | Found a runed translucent gate.
  3720 | D:3      | Found a runed translucent gate.
  3720 | D:3      | Found a runed translucent gate.
  3801 | D:3      | Reached XP level 6. HP: 52/57 MP: 8/8
  3945 | D:4      | Reached skill level 1 in Stealth
  3981 | D:4      | Noticed Grinder
  4296 | D:4      | Noticed Eustachio
  4306 | D:4      | Noticed Menkaure
  4325 | D:4      | Killed Menkaure
  4325 | D:4      | Reached XP level 7. HP: 37/63 MP: 9/9
  4516 | D:4      | Reached skill level 1 in Slings
  4521 | D:4      | Found a hide-covered altar of Uskayaw.
  4734 | D:4      | HP: 2/63 [something (5)]
  4734 | D:4      | Slain by a sky beast

Levels and vault maps discovered:
D:1:      erik_arrival_triangle_large, layout_loops_ring
D:2:      cheibrodos_greedy_goblins, layout_loops_cross, grunt_ministairs_14,
          hangedman_decor_growths, uniq_natasha
D:3:      layout_rooms, lemuel_crystal_altar, gammafunk_ghost_icy, uniq_sigmund
D:4:      layout_rooms, lemuel_round_altar, eat_drink_and_be_merry_uskayaw,
          minmay_temple_entry_antechambers, first_ration, uniq_eustachio,
          uniq_menkaure, uniq_grinder

Skill      XL: |  1  2  3  4  5  6  7 |
---------------+----------------------+-----
Shields        | 2 3 |  3.1
Short Blades   | 1 |  1.1
Armour         | 1 2 |  2.1
Axes           | 2 3 4 |  4.6
Fighting       | 6 |  6.1
Dodging        | 2 |  2.6
Stealth        | 1 |  1.4
Slings         | 1 |  1.0
Unarmed Combat | |  1.0

Action                   |  1- 3 |  4- 6 |  7- 9 || total
-------------------------+-------+-------+-------++-------
Melee: Club              |    40 |       |       ||    40
       Dagger            |   221 |       |       ||   221
       Hand axe          |    14 |   139 |    43 ||   196
 Fire: Hunting sling     |       |    12 |       ||    12
  Use: Potion            |     3 |     1 |     3 ||     7
       Scroll            |       |     7 |       ||     7
 Stab: Sleeping          |     1 |       |       ||     1
  Eat: Chunk             |     6 |     5 |     1 ||    12
Armor: Robe              |     9 |       |       ||     9
       Leather armour    |    63 |    54 |    21 ||   138
       Skin              |     6 |       |       ||     6
Dodge: Dodged            |   108 |    57 |    24 ||   189
Block: Shield            |   106 |    74 |    27 ||   207

Table legend:
 A = Non-vault XP
 B = Vault XP
 C = Vault XP percentage of total XP
 D = Non-vault monster count
 E = Vault monster count
 F = Vault count percentage of total count
                 A         B        C        D         E       F
            +---------+---------+-------+---------+---------+-------
      Total |     654 |     429 |  39.6 |      79 |      12 |  13.2
            +---------+---------+-------+---------+---------+-------
        D:1 |      50 |       0 |   0.0 |      27 |       0 |   0.0
        D:2 |      95 |      52 |  35.4 |      17 |      10 |  37.0
        D:3 |      74 |     212 |  74.1 |      17 |       1 |   5.6
        D:4 |     435 |     165 |  27.5 |      18 |       1 |   5.3
            +---------+---------+-------+---------+---------+-------
